[Event "*** Titled Tuesday Blitz"]
[Site "Chess.com"]
[Date "2019.11.05"]
[Round "4"]
[White "cherryandmint"]
[Black "Slovak_fighter2000"]
[Result "1/2-1/2"]
[WhiteElo "2815"]
[BlackElo "2403"]
[TimeControl "180+2"]
[EndTime "13:51:06 PST"]
[Termination "Game drawn by repetition"]

1. e4 e6 2. d4 d5 3. e5 c5 4. c3 Nc6 5. Nf3 Qb6 6. a3 c4 7.
Nbd2 f6 8. Be2 fxe5 9. Nxe5 Nxe5 10. dxe5 Bc5 11. O-O Ne7 12. b4 cxb3 13. Nxb3 O-O 14. Nxc5 Qxc5 15. a4 Qc7 16. Ba3 Rf7 17. c4 dxc4 18. Bd6 Qc6 19. Rc1 c3 20. Bb5 Qd5 21. Be8 Qxd1 22. Rfxd1 Nd5 23. Bxf7+ Kxf7 24. Rxd5 exd5 25.
Rxc3 d4 26. Rc7+ Kg6 27. f4 Kf5 28. g3 Ke4 29. Kf2 Bf5 30. Rxb7 Rc8 31. Rc7 Rxc7 32. Bxc7 Bd7 33. a5 a6 34. Bb6 h5 35. Ke1 Be6 36. Kd2 g6 37. Bd8 Bd7 38. Be7 Be6 39. Bb4 Bh3 40. Ba3 Be6 41. Bb2 Bd7 42. Kc2 Ba4+ 43. Kd2 Bd7 44. Ba3 Be6 45. Bc5 Bd7 46. Ba3 Be6 1/2-1/2

[Event "*** Titled Tuesday Blitz"]
[Site "Chess.com"]
[Date "2019.11.05"]
[Round "4"]
[White "Bathory44"]
[Black "Saitama_Hero"]
[Result "1-0"]
[WhiteElo "2604"]
[BlackElo "2352"]
[TimeControl "180+2"]
[EndTime "13:51:10 PST"]
[Termination "Bathory44 won by checkmate"]

1. e4 e6 2. d4 d5 3. Nd2 Nf6 4. e5 Nfd7 5. Bd3 c5 6. c3 Nc6 7.
Ngf3 Qb6 8. O-O cxd4 9. cxd4 Nxd4 10. Nxd4 Qxd4 11. Nf3 Qg4 12. h3 Qh5 13. Re1 Be7 14. Kh2 g5 15. g4 Qh6 16. Bd2 Nc5 17. Bb5+ Kf8 18. Rc1 Ne4 19. Kg2 f5 20. exf6 Bxf6 21. Bb4+ Kg8 22. Rc7 Bd8 23. Qc2 Bxc7 24. Qxc7 Qf6 25.
Rxe4 dxe4 26. Ne5 h5 27. Be7 Qf4 28. Bxg5 Qf8 29. Ng6 Qf3+ 30. Kg1 Qd1+ 31. Kh2 Rh7 32. Ne7+ Kg7 33. Qe5+ Kf7 34. Qf6# 1-0

[Event "*** Titled Tuesday Blitz"]
[Site "Chess.com"]
[Date "2019.11.05"]
[Round "4"]
[White "GrandGlacier"]
[Black "moro182"]
[Result "0-1"]
[WhiteElo "2521"]
[BlackElo "2722"]
[TimeControl "180+2"]
[EndTime "13:51:11 PST"]
[Termination "moro182 won by resignation"]

1. e4 e5 2. Nf3 Nc6 3. Bb5 a6 4. Ba4 Nge7 5. c3 g6 6. d4 exd4 7. cxd4 Bg7 8. Nc3 O-O 9. Bg5 b5 10. Bb3 h6 11. Bh4 d6 12. h3 Na5 13. O-O Nxb3 14. Qxb3 g5 15. Bg3 Be6 16. Qc2 f5 17. exf5 Nxf5 18. Rfe1 Qd7 19. Ne4 Rae8 20. Rad1 Bd5 21.
Re2 Qc6 22. Qxc6 Bxc6 23. d5 Bb7 24. Rde1 Re7 25. Nc3 Rfe8 26. Rxe7 Rxe7 27. Rd1 b4 28. Na4 Re2 29. Kf1 Rc2 30. a3 bxa3 31. bxa3 Rc4 32. Rb1 Bxd5 33. Rb8+ Kh7 34. Nb2 Rc1+ 35. Ke2 Rc2+ 36.
Kd3 Rxb2 37. Rc8 c5 38. Rc7 c4+ 0-1

[Event "*** Titled Tuesday Blitz"]
[Site "Chess.com"]
[Date "2019.11.05"]
[Round "4"]
[White "eldur16"]
[Black "Galileo22"]
[Result "1/2-1/2"]
[WhiteElo "2587"]
[BlackElo "2426"]
[TimeControl "180+2"]
[EndTime "13:51:13 PST"]
[Termination "Game drawn by agreement"]

1. d4 f5 2. Nf3 e6 3. g3 Nf6 4.
Bg2 g6 5. O-O Bg7 6. c4 O-O 7.
Nc3 d6 8. Qc2 Nc6 9. b3 Bd7 10.
Bb2 e5 11. dxe5 dxe5 12. e4 fxe4 13. Nxe4 Nxe4 14. Qxe4 Bf5 15. Qd5+ Kh8 16. Rad1 Qe7 17. Rfe1 Rad8 18. Qb5 Rxd1 19. Rxd1 Bc8 20. Re1 Qd6 21. Nxe5 Qd2 22. Nf7+ Kg8 23. Nh6+ Kh8 24. Nf7+ Kg8 25.
Nh6+ Kh8 1/2-1/2

[Event "*** Titled Tuesday Blitz"]
[Site "Chess.com"]
[Date "2019.11.05"]
[Round "4"]
[White "Walter_White_Poland"]
[Black "Kimster98"]
[Result "0-1"]
[WhiteElo "2318"]
[BlackElo "2551"]
[TimeControl "180+2"]
[EndTime "13:51:13 PST"]
[Termination "Kimster98 won on time"]

1. e4 e5 2. Nf3 Nf6 3. Nxe5 d6 4.
Nf3 Nxe4 5. d4 d5 6. Bd3 Bd6 7. c4 c6 8. O-O O-O 9. Nc3 Nxc3 10. bxc3 dxc4 11. Bxc4 Bf5 12. a4 Nd7 13. Bg5 Qa5 14. Qc1 Nb6 15. Nd2 Nxc4 16. Nxc4 Qc7 17. Nxd6 Qxd6 18.
Be3 Qe6 19. c4 Bd3 20. d5 cxd5 21. cxd5 Qxd5 22. Rd1 Qf5 23. Qc5 Qxc5 24. Bxc5 Rfd8 25. f3 b6 26. Be3 Bc4 27. Kf2 f6 28. Rxd8+ Rxd8 29. a5 bxa5 30. Bxa7 Rd2+ 31. Kg1 Ba2 32. Be3 Re2 0-1

[Event "*** Titled Tuesday Blitz"]
[Site "Chess.com"]
[Date "2019.11.05"]
[Round "4"]
[White "sergeikim"]
[Black "pedroholly22"]
[Result "0-1"]
[WhiteElo "2541"]
[BlackElo "2373"]
[TimeControl "180+2"]
[EndTime "13:51:16 PST"]
[Termination "pedroholly22 won by resignation"]

1. d4 Nf6 2. c4 g6 3. Nc3 Bg7 4. e4 d6 5. Nge2 O-O 6. Ng3 c5 7. d5 e6 8. Be2 exd5 9. cxd5 a6 10. a4 h5 11. Bg5 Nbd7 12. O-O Qb6 13. Qd2 Nh7 14. a5 Qb4 15. Be7 c4 16. Bxf8 Nhxf8 17. Rfe1 Nc5 18. Qc2 Bd7 19. Ra3 Rc8 20. Rb1 Nb3 21.
Na2 Qc5 22. Qd1 Nxa5 23. Nc3 Nb3 24. Na4 Qb4 25. Nf1 Bxa4 26. Ne3 Nc5 27. Qc1 Bd7 28.
Qxc4 Qxc4 29. Nxc4 Nxe4 30. Nb6 Rc5 31. Nxd7 Nxd7 32.
Rb3 Nd2 33. Rxb7 Nxb1 34. Rxd7 Rc1+ 0-1

[Event "*** Titled Tuesday Blitz"]
[Site "Chess.com"]
[Date "2019.11.05"]
[Round "4"]
[White "StephenDedalus83"]
[Black "wild_cat99"]
[Result "1-0"]
[WhiteElo "2811"]
[BlackElo "2395"]
[TimeControl "180+2"]
[EndTime "13:51:22 PST"]
[Termination "StephenDedalus83 won by resignation"]

1. e4 c5 2. Nf3 d6 3. d4 cxd4 4. Nxd4 Nf6 5. Nc3 a6 6. Bc4 e6 7. O-O b5 8. Bb3 Nbd7 9. Bxe6 fxe6 10. Nxe6 Qb6 11. Nd5 Nxd5 12. exd5 Ne5 13. Be3 Qb7 14. f4 Bxe6 15. dxe6 Nc4 16. Bd4 O-O-O 17. a4 b4 18. Qd3 d5 19. Rfe1 Bd6 20. f5 Qc6 21. b3 Na5 22.
Bxg7 Rhg8 23. f6 Qc5+ 24. Kh1 Nc6 25. e7 Nxe7 26. fxe7 Bxe7 27. Qxa6+ Kc7 28. Bd4 Qxd4 29. Rxe7+ Rd7 30. Rae1 Rg6 31. Qa5+ Qb6 32. Rxd7+ Kxd7 33. Qxd5+ Rd6 34. Qf5+ Kc6 35. Qxh7 Qf2 36. Qe4+ Kc7 37. h3 Rd2 38. Rg1 Rxc2 39. Qxb4 Qf5 40. Qb5 Qe4 41. a5 Rc3 42. Qb6+ Kc8 43. Qh6 Rxb3 44. Rc1+ Kb7 45. a6+ Ka7 46. Qg7+ Kxa6 47. Qf6+ Kb5 48. Qf1+ Kb6 49.
Qf2+ Re3 50. Re1 1-0

[Event "*** Titled Tuesday Blitz"]
[Site "Chess.com"]
[Date "2019.11.05"]
[Round "4"]
[White "marianokar"]
[Black "snowlord"]
[Result "0-1"]
[WhiteElo "2472"]
[BlackElo "2731"]
[TimeControl "180+2"]
[EndTime "13:51:23 PST"]
[Termination "snowlord won on time"]

1. e4 e5 2. Nf3 Nc6 3. Bb5 a6 4. Ba4 Nf6 5. O-O Be7 6. Re1 b5 7. Bb3 d6 8. c3 O-O 9. d3 Na5 10. Bc2 c5 11. Nbd2 Nc6 12. Nf1 Re8 13. h3 Bf8 14. d4 cxd4 15. cxd4 exd4 16. Nxd4 Nxd4 17.
Qxd4 g6 18. Bf4 Nh5 19. Bh2 Bb7 20. Rad1 Qg5 21. Bb3 Rad8 22. Bd5 Bg7 23. Qd2 Qxd2 24. Rxd2 Bxd5 25. Rxd5 Nf6 26. Rd4 Ng4 27. Rxd6 Nxh2 28. Rxd8 Rxd8 29. Kxh2 Bxb2 30. Re2 Bc3 31. Ne3 Rd2 32.
Rxd2 Bxd2 33. Nd5 a5 34. Kg3 a4 35. Kf3 b4 36. Ke2 b3 37. axb3 a3 0-1

[Event "*** Titled Tuesday Blitz"]
[Site "Chess.com"]
[Date "2019.11.05"]
[Round "4"]
[White "VerdeNotte"]
[Black "1995Tiger"]
[Result "0-1"]
[WhiteElo "2757"]
[BlackElo "2112"]
[TimeControl "180+2"]
[EndTime "13:51:28 PST"]
[Termination "1995Tiger won by resignation"]

1. e4 c5 2. Nf3 Nc6 3. c3 Nf6 4. e5 Nd5 5. Bc4 Nb6 6. Bb3 d5 7.
exd6 Qxd6 8. d4 cxd4 9. cxd4 Be6 10. Nc3 Bxb3 11. Qxb3 e6 12. O-O Be7 13. Ne4 Qd5 14. Qd3 O-O 15. Nfg5 f5 16. Qh3 h6 17. Nc3 Qd6 18.
Nb5 Qd7 19. Nf3 a6 20. Nc3 Bf6 21. Rd1 Nd5 22. Nxd5 Qxd5 23. Be3 Rac8 24. a3 Rfd8 25. Qg3 Kh7 26. h4 Qe4 27. Rd2 Qg4 28. Rad1 Qxg3 29. fxg3 Na5 30. Rd3 Rc2 31. R1d2 Rxd2 32. Bxd2 Nc4 33.
Bc3 e5 34. Rd1 e4 35. Nd2 Bxd4+ 36. Bxd4 Rxd4 37. Nxc4 Rxd1+ 38. Kf2 Rd3 39. Ke2 Rxg3 40. Kf2 f4 41. Nd6 e3+ 42. Kf1 e2+ 43. Kxe2 Rxg2+ 44. Kf3 Rxb2 45. Kxf4 b5 46. Ne4 Rb3 47. Ke5 Rxa3 48.
Nc5 Rh3 49. Nxa6 Rxh4 50. Kd5 b4 51. Nc5 Rh5+ 52. Kc4 Rxc5+ 0-1

[Event "*** Titled Tuesday Blitz"]
[Site "Chess.com"]
[Date "2019.11.05"]
[Round "4"]
[White "Misha_Bilous"]
[Black "mjray79"]
[Result "1-0"]
[WhiteElo "2490"]
[BlackElo "2208"]
[TimeControl "180+2"]
[EndTime "13:51:30 PST"]
[Termination "Misha_Bilous won by resignation"]

1. d4 Nf6 2. c4 g6 3. f3 Bg7 4. e4 d6 5. Nc3 O-O 6. Be3 c5 7. Nge2 Nc6 8. d5 Ne5 9. Ng3 b5 10. cxb5 a6 11. bxa6 Bxa6 12. Bxa6 Rxa6 13. O-O Qb6 14. Qe2 Qb7 15. Nb5 c4 16. a4 Rfa8 17.
Qc2 Nfd7 18. f4 Nd3 19. Qxc4 Nxb2 20. Qc7 Qxc7 21. Nxc7 Nc4 22. Nxa6 Bxa1 23. Rxa1 Rxa6 24. Bd4 Nc5 25. Bxc5 dxc5 26. e5 Ne3 27. Ne4 c4 28. d6 exd6 29. exd6 Nf5 30. d7 Ra8 31. Rc1 Kf8 32.
Rxc4 Ke7 33. Rc8 1-0

[Event "*** Titled Tuesday Blitz"]
[Site "Chess.com"]
[Date "2019.11.05"]
[Round "4"]
[White "VincentKeymer"]
[Black "Vuk2000"]
[Result "0-1"]
[WhiteElo "2540"]
[BlackElo "2800"]
[TimeControl "180+2"]
[EndTime "13:51:31 PST"]
[Termination "Vuk2000 won by resignation"]

1. Nf3 Nf6 2. g3 e6 3. Bg2 d5 4. O-O Be7 5. c4 O-O 6. b3 d4 7. Bb2 c5 8. e3 Nc6 9. exd4 cxd4 10. d3 e5 11. Re1 Nd7 12. a3 a5 13. Nbd2 Re8 14.
Ne4 Nc5 15. Nxc5 Bxc5 16. Nd2 Bf5 17. Ne4 Be7 18. Qf3 Qd7 19. Qe2 Bg4 20. Qc2 h5 21. c5 h4 22. Rac1 Be6 23. Nd2 h3 24. Bf3 Bd5 25. Qd1 f5 26. Bxd5+ Qxd5 27. Qf3 Rad8 28.
Qxd5+ Rxd5 29. Nf3 Bxc5 30. Ng5 Be7 31. Nxh3 Rb5 32. b4 axb4 33. a4 Ra5 34. f4 exf4 35. Nxf4 Kf7 36. Rc4 Rxa4 37. Nd5 Ra2 38. Bc1 Bd6 39. Rxe8 Kxe8 40. Bg5 b3 41. Rc1 b2 42.
Re1+ Kf7 0-1

[Event "*** Titled Tuesday Blitz"]
[Site "Chess.com"]
[Date "2019.11.05"]
[Round "4"]
[White "vinniethepooh"]
[Black "Lestofante90"]
[Result "1-0"]
[WhiteElo "2694"]
[BlackElo "2843"]
[TimeControl "180+2"]
[EndTime "13:51:33 PST"]
[Termination "vinniethepooh won by resignation"]

1. d4 Nf6 2. c4 e6 3. Nc3 d5 4. Nf3 c6 5. Bg5 Nbd7 6. e3 Qa5 7.
Nd2 Bb4 8. Qc2 O-O 9. Be2 c5 10. Bf4 cxd4 11. exd4 Re8 12. O-O Bxc3 13. Qxc3 Qxc3 14.
bxc3 b6 15. a4 Ba6 16. a5 Rec8 17. axb6 axb6 18. Rfb1 h6 19. Bf3 Bb7 20. Rxa8 Bxa8 21. Ra1 Bc6 22. cxd5 Bxd5 23. c4 Bxf3 24. gxf3 Kf8 25.
Ra7 Ke8 26. Bd6 Nh5 27. c5 bxc5 28. dxc5 f5 29. Nc4 Nxc5 30. Re7+ Kd8 31. Ne5 Ra8 32. Nc6+ 1-0

[Event "*** Titled Tuesday Blitz"]
[Site "Chess.com"]
[Date "2019.11.05"]
[Round "4"]
[White "yjjga"]
[Black "NoGalloNoParty"]
[Result "0-1"]
[WhiteElo "2063"]
[BlackElo "2303"]
[TimeControl "180+2"]
[EndTime "13:51:33 PST"]
[Termination "NoGalloNoParty won on time"]

1. d4 Nf6 2. c4 g6 3. Nc3 d5 4. Bf4 Bg7 5. e3 O-O 6. Rc1 Be6 7. Nf3 dxc4 8. e4 c6 9. a4 h6 10. Qd2 Kh7 11. Be2 Na6 12. O-O Nb4 13. Rfd1 a5 14.
Be5 Qd7 15. Bxf6 Bxf6 16. d5 cxd5 17. Nxd5 Bxd5 18. exd5 Qxa4 19. Rxc4 Rfd8 20. Qc1 b5 21. Rc5 Qb3 22. Bxb5 Qxb2 23. Qxb2 Bxb2 24. Rc7 Nxd5 25. Rb1 Nxc7 0-1

[Event "*** Titled Tuesday Blitz"]
[Site "Chess.com"]
[Date "2019.11.05"]
[Round "4"]
[White "esskeettit"]
[Black "sofaceindisguise"]
[Result "1-0"]
[WhiteElo "2430"]
[BlackElo "2580"]
[TimeControl "180+2"]
[EndTime "13:51:36 PST"]
[Termination "esskeettit won by resignation"]

1. e4 c5 2. Nf3 d6 3. d4 cxd4 4. Qxd4 a6 5. c4 Nf6 6. h3 e6 7. Nc3 Qc7 8. Be2 Be7 9. O-O O-O 10. b3 b6 11. Bb2 Nbd7 12. Qe3 Bb7 13. Rfd1 Rfe8 14.
Rac1 Rac8 15. Nd2 Qb8 16. Nf1 Ba8 17. Ng3 Bf8 18. Kh1 d5 19. exd5 exd5 20. Qd2 dxc4 21.
Bxc4 Ne5 22. Bxa6 Rcd8 23. Qg5 Rxd1+ 24. Rxd1 h6 25. Qf5 Bxg2+ 26. Kxg2 Qa8+ 27. Nce4 Nxe4 28. Qxe4 Qxa6 29. Bxe5 Qa5 30. Rd5 Qxa2 31. Qa4 Qxa4 32. bxa4 Ra8 33. Rd4 f6 34. Bc7 Bc5 35. Rd8+ Rxd8 36.
Bxd8 Kf7 37. Ne4 Bd4 38. Nd6+ Ke6 39. Nc4 Kd5 40. Nxb6+ Kc6 41. Nc4 Kd7 42. Bb6 Bc3 43. a5 Kc6 44. Kf3 f5 45. Kf4 g6 46. Ne5+ Kd5 47. Nxg6 Ke6 48. a6 Bd2+ 49. Kf3 1-0

[Event "*** Titled Tuesday Blitz"]
[Site "Chess.com"]
[Date "2019.11.05"]
[Round "4"]
[White "Chempiblinka"]
[Black "Keaton87"]
[Result "0-1"]
[WhiteElo "2316"]
[BlackElo "2570"]
[TimeControl "180+2"]
[EndTime "13:51:39 PST"]
[Termination "Keaton87 won by resignation"]

1. Nf3 d5 2. c4 d4 3. g3 Nc6 4. d3 e5 5. Bg2 h6 6. O-O Nf6 7.
e3 dxe3 8. Bxe3 Bf5 9. d4 e4 10. Ne5 Nxe5 11. dxe5 Qxd1 12. Rxd1 Ng4 13. Bd4 O-O-O 14.
Na3 Re8 15. Re1 Nxe5 16. Bxe4 Bxe4 17. Bxe5 Rxe5 18. f3 Bc5+ 19. Kg2 Bxa3 20. bxa3 Rhe8 21. fxe4 Rxe4 22. Rxe4 Rxe4 23. Rc1 Re2+ 24. Kf3 Rxa2 25. h4 Rxa3+ 26. Kf4 g5+ 27. hxg5 hxg5+ 28. Kg4 f5+ 29.
Kxg5 Rxg3+ 30. Kxf5 Kd7 31. Ke5 Kc6 32. Kd4 Rg4+ 33. Kc3 Kc5 34. Kb3 Rg3+ 35. Ka4 a6 36. Rb1 b6 37. Rc1 Rg4 38. Kb3 a5 39. Rh1 Rg3+ 40.
Ka4 Kxc4 41. Rh4+ Kc5 42. Rc4+ Kd6 43. Rc6+ Kd7 44. Rc4 Kc8 45. Kb5 Rg5+ 46. Ka6 a4 47. Rxa4 Ra5+ 48. Rxa5 bxa5 49. Kxa5 Kd7 50. Kb5 Kd6 51. Kb4 Kd5 52. Kc3 Kc5 0-1

[Event "*** Titled Tuesday Blitz"]
[Site "Chess.com"]
[Date "2019.11.05"]
[Round "4"]
[White "HrvojeZagreb"]
[Black "Bishops83"]
[Result "1-0"]
[WhiteElo "2172"]
[BlackElo "2266"]
[TimeControl "180+2"]
[EndTime "13:51:41 PST"]
[Termination "HrvojeZagreb won by resignation"]

1. d4 d5 2. Bf4 c5 3. e3 Nf6 4. Nc3 a6 5. dxc5 Nc6 6. Nf3 e6 7. Na4 Bxc5 8. Nxc5 Qa5+ 9. c3 Qxc5 10. Bd3 O-O 11.
O-O Re8 12. Ne5 Nxe5 13. Bxe5 Nd7 14. Bg3 e5 15. e4 d4 16. Rc1 dxc3 17. Rxc3 Qb6 18.
Qe2 Nc5 19. Bb1 Bd7 20. Rfc1 Rac8 21. a3 Rc6 22. Qh5 Qxb2 23. Bxe5 Nxe4 24. Rxc6 Qxf2+ 25. Kh1 Bxc6 26. Bxe4 Bxe4 27. Rg1 g6 28. Qg5 h6 29.
Qg3 Qxg3 30. Bxg3 Kg7 31. Rc1 Bc6 32. Rc2 Re3 33. Ra2 Bd5 34. Rd2 Bc6 35. Ra2 Rc3 36. Be5+ f6 37. Bxc3 Kf7 38. Rf2 1-0

[Event "*** Titled Tuesday Blitz"]
[Site "Chess.com"]
[Date "2019.11.05"]
[Round "4"]
[White "hypert"]
[Black "bubacik"]
[Result "1-0"]
[WhiteElo "2469"]
[BlackElo "2667"]
[TimeControl "180+2"]
[EndTime "13:51:44 PST"]
[Termination "hypert won by resignation"]

1. e4 e5 2. Nf3 Nc6 3. Bb5 a6 4. Ba4 Nf6 5. O-O Nxe4 6. d4 b5 7. Bb3 d5 8. dxe5 Be6 9. Nbd2 Be7 10. Qe2 Nc5 11. c3 Qd7 12. Nd4 O-O 13. f4 Bg4 14. Qe3 Nxd4 15. cxd4 Nxb3 16. Nxb3 c5 17. dxc5 d4 18. Qxd4 Qxd4+ 19. Nxd4 Bxc5 20. Be3 Rfd8 21. Nc2 Rac8 22. Bxc5 Rxc5 23. Ne3 Be6 24. Rfd1 Rxd1+ 25. Rxd1 g5 26. g3 gxf4 27. gxf4 f6 28. Rd6 Kf7 29.
f5 Bc8 30. e6+ Ke7 31. Rd5 Rc1+ 32. Kf2 Rh1 33. Rc5 Bxe6 34. fxe6 Rxh2+ 35. Ng2 Rh1 36. Rc6 Rb1 37. Rxa6 Rxb2+ 38. Kg3 Rb4 39. Nf4 Ra4 40. Rxa4 bxa4 41. Kg4 Kd6 42. Kf5 Ke7 43. Nd5+ Kd6 44.
e7 h5 45. e8=Q 1-0

[Event "*** Titled Tuesday Blitz"]
[Site "Chess.com"]
[Date "2019.11.05"]
[Round "4"]
[White "BIG_Pirate"]
[Black "RoelandPruijssers"]
[Result "0-1"]
[WhiteElo "2426"]
[BlackElo "2647"]
[TimeControl "180+2"]
[EndTime "13:51:44 PST"]
[Termination "RoelandPruijssers won on time"]

1. Nf3 f5 2. c4 Nf6 3. g3 g6 4. b3 Bg7 5. Bb2 d6 6. Bg2 e5 7.
O-O O-O 8. d4 e4 9. Ne1 d5 10.
f3 c6 11. Nc3 Be6 12. c5 b6 13.
b4 a5 14. a3 Na6 15. Nc2 Rb8 16. Bc1 Nh5 17. Na4 bxc5 18. bxc5 g5 19. g4 Nf4 20.
Bxf4 gxf4 21. gxf5 Bxf5 22. Nb6 e3 23. Ne1 Bf6 24. Kh1 Rb7 25. Rg1 Rg7 26. Rc1 Kh8 27.
Qa4 Nb8 28. Rd1 Rfg8 29. Nd3 Qc7 30. Qxa5 Bxd4 0-1

[Event "*** Titled Tuesday Blitz"]
[Site "Chess.com"]
[Date "2019.11.05"]
[Round "4"]
[White "swisspower96"]
[Black "RainForestt"]
[Result "0-1"]
[WhiteElo "2704"]
[BlackElo "2541"]
[TimeControl "180+2"]
[EndTime "13:51:47 PST"]
[Termination "RainForestt won by resignation"]

1. d4 d5 2. c4 c6 3. Nf3 Nf6 4. e3 a6 5. Nc3 b5 6. b3 Bf5 7. Bd2 Nbd7 8. Be2 e6 9. O-O h6 10.
Ne1 Bd6 11. f4 O-O 12. g4 Bg6 13. Kh1 b4 14. Na4 a5 15. f5 exf5 16. gxf5 Bh7 17.
Bd3 Ne4 18. Bxe4 Qh4 19. Rf4 Bxf4 20. Nf3 Qg4 21. cxd5 Bxe3 22. Bxe3 Qxe4 23. dxc6 Qxe3 24. cxd7 Bxf5 25. Nc5 Bg4 26. Kg2 Bxf3+ 27. Qxf3 Qxd4 28. Rc1 Qd2+ 29. Kh3 Qxc1 30. Nb7 Ra6 31. d8=Q Rxd8 32. Nxd8 Qc3 33. Kg2 Rg6+ 0-1

[Event "*** Titled Tuesday Blitz"]
[Site "Chess.com"]
[Date "2019.11.05"]
[Round "4"]
[White "Genghis_K"]
[Black "Last7Samurai"]
[Result "1-0"]
[WhiteElo "2907"]
[BlackElo "2703"]
[TimeControl "180+2"]
[EndTime "13:51:50 PST"]
[Termination "Genghis_K won by resignation"]

1. d4 d5 2. c4 c6 3. Nf3 Nf6 4.
e3 Bf5 5. Nc3 e6 6. Nh4 Be4 7. f3 Bg6 8. Qb3 Qc7 9. Bd2 Be7 10.
cxd5 cxd5 11. g3 Nc6 12. Nxg6 hxg6 13. O-O-O O-O 14. Kb1 Rfc8 15. g4 a6 16. h4 b5 17. h5 Na5 18. Qc2 b4 19. hxg6 bxc3 20. Bxc3 fxg6 21. g5 Nh7 22. Qxg6 Nf8 23. Qh5 g6 24.
Qh8+ Kf7 25. Bd3 Ke8 26. Bxg6+ Kd7 27. Bc2 Rab8 28. Ba4+ Kd8 29. Rc1 Nc4 30. g6 Qb6 31. g7 Kc7 32. g8=Q Nxb2 33. Bxb2+ Kb7 34. Bb3 Ka7 35.
Rxc8 Rxc8 36. Rc1 Rb8 37. Qf7 1-0

[Event "*** Titled Tuesday Blitz"]
[Site "Chess.com"]
[Date "2019.11.05"]
[Round "4"]
[White "Niklas2304"]
[Black "enriquetejedor"]
[Result "1-0"]
[WhiteElo "2343"]
[BlackElo "2518"]
[TimeControl "180+2"]
[EndTime "13:51:52 PST"]
[Termination "Niklas2304 won by resignation"]

1. e4 c5 2. Nf3 d6 3. d4 cxd4 4. Nxd4 Nf6 5. Nc3 e6 6. Bg5 Nc6 7. Qd2 Be7 8. O-O-O a6 9. Bxf6 gxf6 10. f4 Bd7 11. Bc4 Rc8 12. Bb3 Na5 13. f5 Nxb3+ 14. axb3 Qa5 15. Kb1 Rg8 16. fxe6 fxe6 17. Qh6 Qg5 18.
Qxh7 Qxg2 19. Nce2 Qg7 20. Qh5+ Qf7 21. Qf3 Rc5 22.
h4 Qh5 23. Qe3 Kd8 24. Nf4 Qe5 25. Nd3 Qh5 26. Nxc5 dxc5 27. Nxe6+ Kc8 28. Nf4 Qh6 29. Qd2 Bc6 30. Nd5 Qf8 31. Nb6+ Kb8 32. Nd7+ Bxd7 33. Qxd7 Rg7 34. h5 c4 35. h6 Rh7 36. bxc4 Qh8 37. Qf5 Ka7 38. Rd7 Rxh6 39. Rxh6 Qxh6 40. Rxe7 Qe3 1-0

[Event "*** Titled Tuesday Blitz"]
[Site "Chess.com"]
[Date "2019.11.05"]
[Round "4"]
[White "ChadBiryani"]
[Black "WorldChampionBulletChess"]
[Result "0-1"]
[WhiteElo "2207"]
[BlackElo "2079"]
[TimeControl "180+2"]
[EndTime "13:51:53 PST"]
[Termination "WorldChampionBulletChess won by resignation"]

1. e4 c5 2. Nf3 e6 3. g3 d5 4. exd5 exd5 5. Bg2 Nf6 6. O-O Be7 7. d4 c4 8. c3 O-O 9. h3 Nc6 10. g4 Ne4 11. Nbd2 f5 12. Nxe4 fxe4 13. Nd2 Bg5 14.
Qe2 Qf6 15. Nxe4 dxe4 16. Bxg5 Qxg5 17. Qxc4+ Kh8 18. Bxe4 Qf4 19. Qd3 Bd7 20. Bxh7 Rf6 21. Rae1 Rh6 22. Be4 Re8 23. Bg2 Rhe6 24. Rxe6 Rxe6 25.
d5 Ne5 26. dxe6 Nxd3 27. exd7 Qd6 28. Rd1 Qxd7 29. Be4 Qa4 30. Rxd3 Qxe4 31. Rd8+ Kh7 32. Kh2 Qf4+ 33. Kg2 Qc1 34. h4 Qxb2 35. g5 Qxc3 36. f4 Qc2+ 37. Kg3 Qxa2 38. h5 Qb3+ 39. Kh4 g6 40.
Rd7+ Kg8 41. hxg6 Qe6 42. Rxb7 Qe1+ 43. Kg4 Qe2+ 44. Kf5 Qd3+ 45. Kg4 Qd1+ 46. Kf5 Qd5+ 0-1

[Event "*** Titled Tuesday Blitz"]
[Site "Chess.com"]
[Date "2019.11.05"]
[Round "4"]
[White "Korchmar_Vasiliy"]
[Black "champ2005"]
[Result "1/2-1/2"]
[WhiteElo "2711"]
[BlackElo "2915"]
[TimeControl "180+2"]
[EndTime "13:51:56 PST"]
[Termination "Game drawn by repetition"]

1. d4 Nf6 2. c4 Nc6 3. Nf3 e6 4. g3 Bb4+ 5. Nbd2 d6 6. Bg2 O-O 7.
O-O e5 8. Nb3 e4 9. Ng5 Re8 10. a3 Ba5 11. d5 Ne5 12. Nxa5 c5 13. Nb3 Nxc4 14. Qc2 Nb6 15. Nxe4 Nfxd5 16. Rd1 Bf5 17.
Nbd2 Bg6 18. Nc4 Qe7 19. f3 Nxc4 20. Qxc4 Nb6 21. Qb5 Rad8 22. Bg5 f6 23. Bf4 Nc8 24. Nc3 Bf7 25. e4 Nb6 26. Nd5 Nxd5 27. exd5 g5 28. Bd2 Bxd5 29. Bxg5 Bc6 30. Qb3+ c4 31. Qxc4+ d5 32.
Qd4 fxg5 33. Qxa7 d4 34. Qa5 Qe3+ 35. Kh1 Bxf3 36. Re1 Be2 37. Rxe2 Qxe2 38. Qxg5+ Kh8 39. Qf6+ Kg8 40. Qg5+ Kh8 41. Qf6+ Kg8 42. Qg5+ 1/2-1/2

[Event "*** Titled Tuesday Blitz"]
[Site "Chess.com"]
[Date "2019.11.05"]
[Round "4"]
[White "vlad10898"]
[Black "HarutyunianTigranK"]
[Result "1-0"]
[WhiteElo "2666"]
[BlackElo "2800"]
[TimeControl "180+2"]
[EndTime "13:51:56 PST"]
[Termination "vlad10898 won by resignation"]

1. e4 e5 2. Nf3 Nc6 3. Bc4 Bc5 4. O-O Nf6 5. d3 d6 6. c3 a5 7. Nbd2 O-O 8. Re1 Ng4 9. Re2 Kh8 10. h3 Nh6 11. Nf1 f5 12. Bg5 Qd7 13. Bxh6 gxh6 14. exf5 Qxf5 15. Bd5 Qg6 16. d4 Bb6 17. Ng3 Bd7 18.
Kh2 Rae8 19. dxe5 Nxe5 20. Nxe5 dxe5 21. Be4 Qg7 22. f3 Rg8 23. Nf5 Qf7 24. g4 h5 25.
Bd5 Be6 26. Bxe6 Rxe6 27. Qd5 hxg4 28. fxg4 Rxg4 29. Rxe5 Rg2+ 30. Kxg2 Qg6+ 31. Kh1 Qh5 32. Qd8+ 1-0

[Event "*** Titled Tuesday Blitz"]
[Site "Chess.com"]
[Date "2019.11.05"]
[Round "4"]
[White "ExploringChess"]
[Black "przemekpiotrowski"]
[Result "1-0"]
[WhiteElo "2715"]
[BlackElo "2390"]
[TimeControl "180+2"]
[EndTime "13:51:59 PST"]
[Termination "ExploringChess won by resignation"]

1. e4 c5 2. Nf3 Nc6 3. Bb5 g6 4. Bxc6 dxc6 5. h3 Bg7 6. d3 e5 7. Be3 Qe7 8. Nc3 Nf6 9. Qd2 h6 10. Nh2 Nd7 11. f4 exf4 12. Bxf4 Nf8 13. O-O-O Ne6 14.
Bg3 h5 15. Kb1 Nd4 16. e5 Bf5 17. Bf4 Ne6 18. g4 hxg4 19. hxg4 Nxf4 20. gxf5 Bxe5 21. Rhe1 O-O-O 22. Nf3 Bxc3 23. Qxc3 Qd6 24. Ne5 Nd5 25. Qa3 Qc7 26. fxg6 fxg6 27. Qxc5 b6 28. Qxc6 Qxc6 29. Nxc6 Rd7 30. Re5 Kb7 31. Nd4 Rg8 32. Nf3 Nf4 33. Rg1 Rd5 34. Rxd5 Nxd5 35. c4 Nf4 36. Kc2 Re8 37.
Re1 Rxe1 38. Nxe1 g5 39. Kd2 Kc6 40. Ke3 Ne6 41. Nf3 Kc5 42. a3 a5 43. b3 g4 44.
d4+ Kd6 45. Nh4 g3 46. Nf5+ Kc7 47. Nxg3 Ng5 48. Ne4 Nf7 49. b4 axb4 50. axb4 Nd8 51. b5 Ne6 52. Kd3 Nf4+ 53. Kc3 Ne2+ 54.
Kd3 Nf4+ 55. Kd2 Ne6 56. Ke3 Nd8 57. Ng5 Nb7 58. Ke4 Nd6+ 59. Kd5 Nf5 60. Ne6+ Kb7 61. c5 bxc5 62. dxc5 Ne7+ 63. Kd6 Nf5+ 64. Kd7 Nd4 65. c6+ Kb6 66. Nxd4 1-0

[Event "*** Titled Tuesday Blitz"]
[Site "Chess.com"]
[Date "2019.11.05"]
[Round "4"]
[White "NemtsevIgor"]
[Black "codapbg94"]
[Result "1-0"]
[WhiteElo "2276"]
[BlackElo "2146"]
[TimeControl "180+2"]
[EndTime "13:52:01 PST"]
[Termination "NemtsevIgor won on time"]

1. d3 g6 2. g3 Bg7 3. Nf3 Nf6 4.
Bg2 O-O 5. O-O d6 6. Nc3 c5 7. e4 Nc6 8. Nh4 e5 9. h3 h6 10. Be3 b6 11. Qd2 Kh7 12. Rae1 Bb7 13. f4 exf4 14.
gxf4 Nxe4 15. Nxe4 Qxh4 16. Nxd6 Rae8 17. Nxe8 Rxe8 18. Bf2 Qd8 19. Rxe8 Qxe8 20. Re1 Qd7 21.
c3 Ba6 22. Re3 Ne7 23. Be4 Nf5 24. Bxf5 Qxf5 25. Qe2 Qd5 26. Qf3 Qxa2 27. f5 Qxb2 28.
fxg6+ fxg6 29. c4 Bc8 30. Re7 Bf5 31. Kg2 Qb1 32. d4 Qc2 33. dxc5 Qxc4 34. cxb6 axb6 35. Bxb6 Qc2+ 36. Bf2 Qc4 37. Qe3 Qb5 38. Qd4 Qc6+ 39. Kh2 1-0